 Dungeon Crawl Stone Soup version 0.28.0-53-g5a82cb258f (console) character file.

Game seed: 14299833720088778246

437 Banquo the Chopper (level 7, -8/43 HPs)
             Began as a Gargoyle Fighter on July 30, 2022.
             Was a Believer of Zin.
             Killed by divine providence
             ... invoked by an orc priest
              (12 damage)
             ... on level 4 of the Dungeon.
             The game lasted 00:08:03 (4270 turns).

Banquo the Chopper (Gargoyle Fighter)               Turns: 4270, Time: 00:08:03

Health: -8/43      AC: 15    Str: 26    XL:     7   Next: 1%
Magic:  8/8        EV:  8    Int:  8    God:    Zin [**....]
Gold:   109        SH:  5    Dex: 11    Spells: 6/6 levels left

rFire   . . .      SeeInvis .   a - +0 war axe
rCold   . . .      Faith    .   c - +1 buckler
rNeg    + . .      Spirit   .   h - +0 chain mail
rPois   ∞          Reflect  .   (no helmet)
rElec   +          Harm     .   (no cloak)
rCorr   .          Rampage  .   g - +0 pair of gloves
Will    .....                   (no boots)
Stlth   ..........              (no amulet)
HPRegen 0.14/turn               l - +6 ring of strength
MPRegen 0.11/turn               (no ring)

@: on recite cooldown
A: sickness immunity, AC +4, negative energy resistance 1, electricity
resistance, torment resistance 1, petrification resistance
a: Renounce Religion, Recite, Vitalisation, Donate Gold


You were on level 4 of the Dungeon.
You worshipped Zin.
Zin was pleased with you.
You visited 1 branch of the dungeon, and saw 4 of its levels.

You collected 121 gold pieces.
You donated 12 gold pieces to Zin.

Inventory:

Hand Weapons
 a - a +0 war axe (weapon)
 d - a +3 spear
Missiles
 i - 5 boomerangs
 j - 76 stones (quivered)
 r - 5 poisoned darts
 s - 4 curare-tipped darts
 u - 5 javelins
 v - a throwing net
Armour
 b - a +0 scale mail
 c - a +1 buckler (worn)
 g - a +0 pair of gloves (worn)
 h - a +0 chain mail (worn)
 n - a +1 robe of cold resistance
Jewellery
 l - a +6 ring of strength (left hand)
Scrolls
 m - 2 scrolls of blinking
 p - a scroll of immolation
 q - a scroll of teleportation
Potions
 e - 5 potions of curing {unknown}
 f - a potion of attraction
 k - a potion of ambrosia {unknown}
 o - a potion of heal wounds {unknown}
 t - a potion of might


   Skills:
 + Level 4.1 Fighting
 * Level 5.0 Axes
 + Level 4.2 Armour
 + Level 1.1 Dodging
 + Level 3.8 Shields
 * Level 1.8 Invocations


You had 6 spell levels left.
You didn't know any spells.
Your spell library was empty.

Dungeon Overview and Level Annotations

Branches:
Dungeon (4/15)
 Temple: D:4-7

Altars:
Ashenzari
Qazlal
Zin


Innate Abilities, Weirdness & Mutations

You are immune to sickness and miasma.
Your stone body is resilient. (AC +4)
You are immune to poison.
You resist negative energy. (rN+)
You are resistant to electric shocks. (rElec)
You are resistant to unholy torment.
You are immune to petrification.


Message History

The orc wizard closely misses you.
The orc wizard gestures at you while chanting.
The puff of flame hits you but does no damage.
You completely miss the orc wizard.
The orc wizard is severely wounded.
The orc priest invokes the aid of Beogh against you.
Beogh smites you!
The orc wizard mumbles some strange words.
The orc wizard flickers and vanishes!
Deactivating autopickup; reactivate with Ctrl-A.
The orc priest calls down the wrath of Beogh upon you.
Beogh smites you!
* * * LOW HITPOINT WARNING * * *
You slash something!
Reactivating autopickup.
You feel a bit more experienced.
Your Axes skill increases to level 5!
You have reached level 7!
You completely miss the orc priest.
The orc priest hits you but does no damage.
You barely miss the orc priest.
The orc priest hits you but does no damage. x2
You hit the orc priest but do no damage.
You block the orc priest's attack.
You closely miss the orc priest.
The orc priest invokes the aid of Beogh against you.
Beogh smites you!
* * * LOW HITPOINT WARNING * * *
You hit the orc priest.
The orc priest is moderately wounded.
The orc priest hits you but does no damage.
The orc priest closely misses you.
You hit the orc priest.
The orc priest is heavily wounded.
The orc priest barely misses you.
You closely miss the orc priest.
The orc priest is heavily wounded.
The orc priest calls down the wrath of Beogh upon you.
Beogh smites you!
You die...

##..........####.
#.#..............
#. #.>......#####
. .#........#
#g........#
.#...####.#
#........#
...#..###...#
#...o@†.#.#
.....######## ...
#


You could see an orc priest.

Vanquished Creatures
  An ogre (D:4)
  A scorpion (D:4)
  An orc priest (D:4)
  An iguana (D:4)
  Natasha (thrice) (D:2 D:1)
  An orc wizard (D:4)
  3 gnolls
  3 adders
  A worm (D:2)
  2 dart slugs (D:1)
  5 orcs (D:4)
  4 endoplasms
  2 giant cockroaches (D:2)
  7 goblins
  7 hobgoblins
  6 jackals
  6 kobolds
  3 quokkas
  7 ball pythons
  8 bats
  8 frilled lizards
  4 rats
84 creatures vanquished.

Vanquished Creatures (others)
  3 plants (D:2)
3 creatures vanquished.

Grand Total: 87 creatures vanquished

Notes
Turn   | Place    | Note
-------+----------+-------------------------------------------
     0 | D:1      | Banquo the Gargoyle Fighter began the quest for the Orb.
     0 | D:1      | Reached XP level 1. HP: 14/14 MP: 1/1
   124 | D:1      | Reached XP level 2. HP: 19/19 MP: 2/2
   130 | D:1      | Reached skill level 2 in Axes
   293 | D:1      | Reached XP level 3. HP: 23/23 MP: 3/3
   967 | D:1      | Reached XP level 4. HP: 5/28 MP: 4/4
  1265 | D:2      | Found a faded altar of an unknown god.
  1268 | D:2      | Prayed at the altar of an unknown god.
  1268 | D:2      | Became a worshipper of Zin the Law-Giver
  1268 | D:2      | Reached * piety under Zin
  1341 | D:2      | Reached skill level 3 in Axes
  1558 | D:2      | Noticed Natasha
  1567 | D:2      | Killed Natasha
  1727 | D:2      | Noticed Natasha
  1739 | D:1      | Killed Natasha
  1740 | D:1      | Reached XP level 5. HP: 16/33 MP: 5/5
  1897 | D:1      | Noticed Natasha
  1903 | D:1      | Killed Natasha
  3118 | D:3      | Found a broken altar of Ashenzari.
  3255 | D:3      | Reached skill level 4 in Axes
  3365 | D:3      | Reached skill level 1 in Dodging
  3732 | D:4      | Reached skill level 1 in Invocations
  3873 | D:4      | Reached XP level 6. HP: 21/38 MP: 6/6
  4073 | D:4      | Reached ** piety under Zin
  4155 | D:4      | Found a stormy altar of Qazlal.
  4264 | D:4      | Reached skill level 5 in Axes
  4264 | D:4      | Reached XP level 7. HP: 12/43 MP: 8/8
  4270 | D:4      | Killed from afar by an orc priest

Illustrated notes

Levels and vault maps discovered:
D:1:      dpeg_arrival_connections, layout_basic, minmay_tetromino_o4
D:2:      layout_rooms, nicolae_ecumenical_oubliette, nicolae_grassy_gnolls,
          uniq_natasha
D:3:      layout_loops_ring, ashenzari_conservatory_becter
D:4:      layout_rooms, nicolae_qazlal_general_emergency,
          minmay_temple_entry_statues_fountains, kennysheep_another_room,
          minmay_manual_mail, uniq_menkaure, uniq_eustachio,
          uniq_crazy_yiuf_cottage

Skill      XL: |  1  2  3  4  5  6 |
---------------+-------------------+-----
Axes           | 2 3 4 5 |  5.0
Dodging        | 1 |  1.1
Invocations    | 1 |  1.8
Armour         | 4 |  4.2
Fighting       | 4 |  4.1
Shields        | |  3.8

Action                   |  1- 3 |  4- 6 |  7- 9 || total
-------------------------+-------+-------+-------++-------
Melee: War axe           |    71 |   131 |     7 ||   209
       Unarmed           |       |     8 |       ||     8
Invok: Recite            |       |     2 |       ||     2
  Use: Scroll            |       |     6 |       ||     6
Armor: Scale mail        |    59 |    60 |       ||   119
       Chain mail        |       |     8 |     4 ||    12
Dodge: Dodged            |    42 |    73 |     2 ||   117
Block: Buckler           |    13 |    24 |     1 ||    38
